WCHLSIM.com - West Coast Hockey League
html PUBLIC "-//W3C//DTD XHTML 1.0 Transitional//EN" "http://www.w3.org/TR/xhtml1/DTD/xhtml1-transitional.dtd"> WCHL - Game 782 - SAN DIEGO THUNDER vs WINNIPEG BEAVERS

SAN DIEGO THUNDER vs WINNIPEG BEAVERS

Created - 7 février 2024 at 22:07

Goals
1 2 3 T
SAN DIEGO THUNDER 0 0 0 0
WINNIPEG BEAVERS 0 1 1 2
Shots
1 2 3 T
SAN DIEGO THUNDER 8 4 6 18
WINNIPEG BEAVERS 7 7 10 24

1st period

No Goal

Penalties :
Connor Murphy (SDG) for Roughing (Minor) at 10:05

2nd period

1. WINNIPEG BEAVERS , Jonathan Audy-Marchessault 7 (Alexander DeBrincat 23, Luke Schenn 8) at 12:30

Penalties :
Erik Cernak (SDG) for Holding (Minor) at 18:37

3rd period

2. WINNIPEG BEAVERS , Sam Bennett 16 (Adam Larsson 21, Brandon Saad 9) at 6:17 (PP)

Penalties :
Adam Boqvist (SDG) for Roughing (Minor) at 4:40, Erik Cernak (SDG) for Holding (Minor) at 12:39, Trevor Lewis (WIN) for Cross-checking (Minor) at 14:59, Joel Farabee (SDG) for Goalie Interference (Minor) at 19:56

Goalie Stats

Connor Hellebuyck (SDG), 22 saves from 24 shots - (0,917), L, 18-18-5, 60:00 minutes
Ville Husso (WIN), 18 saves from 18 shots - (1,000), W, 28-14-3, 60:00 minutes

Players Stats for SAN DIEGO THUNDER

Player Name              G  A  P  +/- PIM S  H  SB GA TA FO     MP     PP MP  PK MP  
------------------------------------------------------------------------------------
Adam Boqvist             0  0  0  -1  2   1  1  1  0  0  0/0    18:02   0:33   1:45 
Charles McAvoy           0  0  0   0  0   1  0  1  0  0  0/0    23:56   0:46   5:33 
Connor Murphy            0  0  0   0  2   0  4  1  0  0  0/0    20:49   0:40   3:08 
Denis Malgin             0  0  0   0  0   0  0  0  0  0  0/0     0:00   0:00   0:00 
Derek Forbort            0  0  0   0  0   2  1  2  0  0  0/0    20:28   0:33   2:53 
Dmitri Voronkov          0  0  0   0  0   1  2  0  0  0  7/11   19:46   1:12   3:27 
Drake Batherson          0  0  0   0  0   5  1  1  0  0  1/2    20:11   1:12   0:32 
Eetu Luostarinen         0  0  0   0  0   1  0  0  0  0  7/14   19:09   0:00   0:42 
Erik Cernak              0  0  0   0  4   1  7  2  0  0  0/0    20:50   1:26   1:49 
Evander Kane             0  0  0   0  0   1  0  0  0  0  0/0    18:27   0:00   0:00 
Filip Zadina             0  0  0   0  0   0  0  0  0  0  1/2     5:32   0:00   0:20 
Isac Lundestrom          0  0  0  -1  0   0  0  1  0  0  5/9    16:26   0:47   4:01 
Joel Farabee             0  0  0   0  2   0  0  0  0  0  2/5    19:29   0:40   3:06 
Luke Kunin               0  0  0  -1  0   2  2  0  0  0  0/0    17:00   0:47   0:00 
Mark Kastelic            0  0  0   0  0   0  0  0  0  0  4/7     5:44   0:32   0:00 
Nicklaus Perbix          0  0  0  -1  0   1  3  1  0  0  0/0    15:51   0:00   0:06 
Steven Lorentz           0  0  0  -1  0   1  1  0  0  0  0/0    11:38   0:00   0:00 
Wyatt Johnston           0  0  0   0  0   1  0  0  0  0  5/17   19:00   0:47   3:06 

Players Stats for WINNIPEG BEAVERS

Player Name              G  A  P  +/- PIM S  H  SB GA TA FO     MP     PP MP  PK MP  
------------------------------------------------------------------------------------
Adam Larsson             0  1  1   0  0   2  1  1  0  0  0/0    20:11   3:38   0:32 
Alexander DeBrincat      0  1  1   1  0   4  1  0  0  0  0/3    21:12   4:19   0:00 
Brandon Saad             0  1  1   0  0   0  1  0  0  0  0/1    19:57   3:18   0:26 
Brandon Tanev            0  0  0   0  0   0  0  0  0  0  0/0    11:34   0:00   0:00 
Brayden Schenn           0  0  0   1  0   2  4  0  0  0  16/24  22:45   4:19   1:33 
Cal Clutterbuck          0  0  0   0  0   0  0  0  0  0  0/0     5:44   0:00   0:00 
Derick Brassard          0  0  0   0  0   1  0  0  0  0  0/0     6:17   0:33   0:00 
Erik Gustafsson          0  0  0   0  0   1  1  1  0  0  0/0    19:23   3:05   0:00 
John Carlson             0  0  0   0  0   0  1  0  0  0  0/0    23:39   3:59   1:27 
Jonathan Audy-Marchessau 1  0  1   1  0   7  2  0  0  0  1/3    21:12   4:19   0:00 
Luke Schenn              0  1  1   1  0   0  3  1  0  0  0/0    17:37   0:00   1:27 
Matthew Nieto            0  0  0   0  0   0  0  0  0  0  2/6     5:44   0:00   0:00 
Robert Fabbri            0  0  0   0  0   2  0  0  0  0  0/0    18:58   2:45   0:00 
Sam Bennett              1  0  1   0  0   4  2  1  0  0  6/16   19:57   3:18   0:26 
Sean Kuraly              0  0  0   0  0   0  1  2  0  0  9/13   13:07   0:00   1:33 
Sebastien Aho            0  0  0   0  0   0  0  0  0  0  0/0    16:34   0:33   0:00 
Trevor Lewis             0  0  0   0  2   0  1  0  0  0  1/1    11:33   0:00   0:00 
Victor Hedman            0  0  0   1  0   1  0  2  0  0  0/0    22:36   3:59   0:32 

3 Stars

1 - Ville Husso (WIN)
2 - Jonathan Audy-Marchessault (WIN)
3 - Sam Bennett (WIN)

Power Play

SAN DIEGO THUNDER - 0 on 1 Attempt(s) - 0,00%
WINNIPEG BEAVERS - 1 on 5 Attempt(s) - 20,00%

Penalty Kill

SAN DIEGO THUNDER - 4 on 5 Attempt(s) - 80,00% - Score 0 goal in Penalty Kill
WINNIPEG BEAVERS - 1 on 1 Attempt(s) - 100,00% - Score 0 goal in Penalty Kill

Team Stat

SAN DIEGO THUNDER - Hits : 22 - Faceoff Wins : 32 - Blocked Shots : 10 - Penalty Minutes : 10
WINNIPEG BEAVERS - Hits : 18 - Faceoff Wins : 35 - Blocked Shots : 8 - Penalty Minutes : 2

Official

Referees : Ian Walsh and Dean Morton
Linesman : Scott Driscoll and Justin Cornell

Game Notes

No Game Note

Finance

Level 1 -- Attendance: 6000 (100,00%) -- Ticket Income 936 000 $
Level 2 -- Attendance: 4398 (87,96%) -- Ticket Income 523 362 $
Level 3 -- Attendance: 2000 (100,00%) -- Ticket Income 190 000 $
Level 4 -- Attendance: 4000 (100,00%) -- Ticket Income 292 000 $
Luxury Box -- Attendance: 933 (93,30%) -- Ticket Income 312 555 $
Total Attendance: 17331 (96,28%)
Total Ticket Income: 2 253 917 $
Other Expense: 22 539 $
Total Income: 2 231 378 $

SAN DIEGO THUNDER

5 vs 5 Forward 
   Center                   Left Wing                Right Wing               Time % Phy DF OF 
 1 Eetu Luostarinen         Drake Batherson          Evander Kane             36     1   1  3  
 2 Wyatt Johnston           Dmitri Voronkov          Joel Farabee             31     1   1  3  
 3 Isac Lundestrom          Steven Lorentz           Luke Kunin               23     1   1  3  
 4 Mark Kastelic            Luke Kunin               Filip Zadina             10     1   1  3  

5 vs 5 Defense 
   Defense                  Defense                                           Time % Phy DF OF 
 1 Charles McAvoy           Erik Cernak                                       36     1   2  2  
 2 Connor Murphy            Derek Forbort                                     31     1   2  2  
 3 Adam Boqvist             Nicklaus Perbix                                   23     1   2  2  
 4 Charles McAvoy           Erik Cernak                                       10     1   2  2  

PowerPlay Forward 
   Center                   Left Wing                Right Wing               Time % Phy DF OF 
 1 Drake Batherson          Dmitri Voronkov          Joel Farabee             55     0   1  4  
 2 Wyatt Johnston           Isac Lundestrom          Luke Kunin               45     0   1  4  

PowerPlay Defense
   Defense                  Defense                                           Time % Phy DF OF 
 1 Charles McAvoy           Erik Cernak                                       55     1   2  2  
 2 Connor Murphy            Derek Forbort                                     45     1   2  2  

Penalty Kill 4 Players Forward 
   Center                   Wing                     Time % Phy DF OF 
 1 Dmitri Voronkov          Isac Lundestrom          55     1   2  2  
 2 Joel Farabee             Wyatt Johnston           45     1   2  2  

Penalty Kill 4 Players Defense
   Defense                  Defense                  Time % Phy DF OF 
 1 Charles McAvoy           Erik Cernak              55     1   2  2  
 2 Connor Murphy            Derek Forbort            45     1   2  2  

Penalty Kill - 3 Players Forward 
   Forward                                           Time % Phy DF OF 
 1 Eetu Luostarinen                                  55     1   2  2  
 2 Steven Lorentz                                    45     1   2  2  

Penalty Kill - 3 Players Defense
   Defense                  Defense                  Time % Phy DF OF 
 1 Charles McAvoy           Erik Cernak              55     1   2  2  
 2 Connor Murphy            Derek Forbort            45     1   2  2  

4 vs 4 Forward 
   Center                   Wing                     Time % Phy DF OF 
 1 Drake Batherson          Isac Lundestrom          55     1   2  2  
 2 Joel Farabee             Wyatt Johnston           45     1   2  2  

4 vs 4 Defense
   Defense                  Defense                  Time % Phy DF OF 
 1 Charles McAvoy           Erik Cernak              55     1   2  2  
 2 Connor Murphy            Derek Forbort            45     1   2  2  

Last Minutes Offensive
   Center                   Left Wing                Right Wing               Defense                  Defense                  
   Drake Batherson          Dmitri Voronkov          Joel Farabee             Charles McAvoy           Erik Cernak              

Last Minutes Defensive
   Center                   Left Wing                Right Wing               Defense                  Defense                  
   Drake Batherson          Dmitri Voronkov          Joel Farabee             Charles McAvoy           Erik Cernak              

Goaltenders
Starting : Connor Hellebuyck        
Backup : Akira Schmid             

Extra Forwards
Normal : Mark Kastelic, Steven Lorentz, Eetu Luostarinen - PP : Mark Kastelic, Steven Lorentz - PK : Eetu Luostarinen
Extra Defensemen
Normal : Adam Boqvist, Charles McAvoy, Connor Murphy - PP : Adam Boqvist - PK : Charles McAvoy, Connor Murphy
Penalty Shots
Drake Batherson, Eetu Luostarinen, Joel Farabee, Wyatt Johnston, Isac Lundestrom
Custom OT Lines Forwards
Drake Batherson, Eetu Luostarinen, Joel Farabee, Wyatt Johnston, Isac Lundestrom, Steven Lorentz, Dmitri Voronkov, Filip Zadina, Denis Malgin, Mark Kastelic
Custom OT Lines Defensemen
Charles McAvoy, Erik Cernak, Connor Murphy, Derek Forbort, Adam Boqvist

Scratches
Michael Pezzetta (Healthy)

WINNIPEG BEAVERS

5 vs 5 Forward 
   Center                   Left Wing                Right Wing               Time % Phy DF OF 
 1 Brayden Schenn           Jonathan Audy-MarchessaulAlexander DeBrincat      37     0   2  3  
 2 Sam Bennett              Robert Fabbri            Brandon Saad             33     0   2  3  
 3 Sean Kuraly              Brandon Tanev            Trevor Lewis             24     2   2  1  
 4 Matthew Nieto            Derick Brassard          Cal Clutterbuck          6      2   2  1  

5 vs 5 Defense 
   Defense                  Defense                                           Time % Phy DF OF 
 1 Victor Hedman            Luke Schenn                                       34     1   2  2  
 2 John Carlson             Erik Gustafsson                                   33     1   2  2  
 3 Adam Larsson             Sebastien Aho                                     29     1   3  1  
 4 Victor Hedman            John Carlson                                      4      1   2  2  

PowerPlay Forward 
   Center                   Left Wing                Right Wing               Time % Phy DF OF 
 1 Brayden Schenn           Jonathan Audy-MarchessaulAlexander DeBrincat      53     0   0  5  
 2 Sam Bennett              Robert Fabbri            Brandon Saad             47     1   0  4  

PowerPlay Defense
   Defense                  Defense                                           Time % Phy DF OF 
 1 Victor Hedman            John Carlson                                      53     0   0  5  
 2 Erik Gustafsson          Adam Larsson                                      47     0   0  5  

Penalty Kill 4 Players Forward 
   Center                   Wing                     Time % Phy DF OF 
 1 Sean Kuraly              Brayden Schenn           51     0   4  1  
 2 Sam Bennett              Brandon Saad             49     0   4  1  

Penalty Kill 4 Players Defense
   Defense                  Defense                  Time % Phy DF OF 
 1 Victor Hedman            Adam Larsson             52     1   4  0  
 2 John Carlson             Luke Schenn              48     1   4  0  

Penalty Kill - 3 Players Forward 
   Forward                                           Time % Phy DF OF 
 1 Brayden Schenn                                    55     1   2  2  
 2 Sean Kuraly                                       45     1   2  2  

Penalty Kill - 3 Players Defense
   Defense                  Defense                  Time % Phy DF OF 
 1 Victor Hedman            John Carlson             52     1   2  2  
 2 Adam Larsson             Luke Schenn              48     1   2  2  

4 vs 4 Forward 
   Center                   Wing                     Time % Phy DF OF 
 1 Brayden Schenn           Jonathan Audy-Marchessaul52     1   2  2  
 2 Sam Bennett              Alexander DeBrincat      48     1   2  2  

4 vs 4 Defense
   Defense                  Defense                  Time % Phy DF OF 
 1 Victor Hedman            John Carlson             50     1   2  2  
 2 Adam Larsson             Erik Gustafsson          50     1   2  2  

Last Minutes Offensive
   Center                   Left Wing                Right Wing               Defense                  Defense                  
   Brayden Schenn           Jonathan Audy-MarchessaulAlexander DeBrincat      Victor Hedman            John Carlson             

Last Minutes Defensive
   Center                   Left Wing                Right Wing               Defense                  Defense                  
   Brayden Schenn           Jonathan Audy-MarchessaulBrandon Saad             Victor Hedman            John Carlson             

Goaltenders
Starting : Ville Husso              
Backup : Logan Thompson           

Extra Forwards
Normal : Brayden Schenn, Jonathan Audy-Marchessault, Sam Bennett - PP : Brandon Saad, Brayden Schenn - PK : Cal Clutterbuck
Extra Defensemen
Normal : John Carlson, Victor Hedman, Adam Larsson - PP : John Carlson - PK : John Carlson, Adam Larsson
Penalty Shots
Brayden Schenn, Sam Bennett, Alexander DeBrincat, Jonathan Audy-Marchessault, John Carlson
Custom OT Lines Forwards
Brayden Schenn, Alexander DeBrincat, Sam Bennett, Jonathan Audy-Marchessault, Sean Kuraly, Brandon Saad, Brandon Tanev, Derick Brassard, Cal Clutterbuck, Trevor Lewis
Custom OT Lines Defensemen
Victor Hedman, John Carlson, Adam Larsson, Luke Schenn, Erik Gustafsson

Scratches
Caleb Jones (Broken Right Foot Toe Injury)

% Time on Ice - SAN DIEGO THUNDER

Lines # - Real PCT - Wanted PCT - Time Play
Normal Forward
1 - 37% - 36% - 18:27
2 - 30% - 31% - 15:07
3 - 23% - 23% - 11:38
4 - 10% - 10% - 5:12
Normal Defense
1 - 31% - 36% - 15:41
2 - 34% - 31% - 17:02
3 - 31% - 23% - 15:45
4 - 4% - 10% - 1:56
PP Forward
1 - 61% - 55% - 1:12
2 - 39% - 45% - 0:47
PP Defense
1 - 72% - 55% - 1:26
2 - 28% - 45% - 0:33
PK Forward
1 - 59% - 55% - 4:31
2 - 41% - 45% - 3:06
PK Defense
1 - 69% - 55% - 5:14
2 - 31% - 45% - 2:23
PK3 Forward
1 - 0% - 55%
2 - 0% - 45%
PK3 Defense
1 - 0% - 55%
2 - 0% - 45%
44 Forward
1 - 0% - 55%
2 - 0% - 45%
44 Defense
1 - 0% - 55%
2 - 0% - 45%
Last Minute Offensive  - 0:00
Last Minute Defensive  - 0:00
Total
Forward - 60:00
Defense - 60:00

% Time on Ice - WINNIPEG BEAVERS

Lines # - Real PCT - Wanted PCT - Time Play
Normal Forward
1 - 33% - 37% - 16:53
2 - 32% - 33% - 16:13
3 - 23% - 24% - 11:34
4 - 11% - 6% - 5:44
Normal Defense
1 - 32% - 34% - 16:10
2 - 32% - 33% - 16:18
3 - 32% - 29% - 16:01
4 - 4% - 4% - 1:55
PP Forward
1 - 57% - 53% - 4:19
2 - 43% - 47% - 3:18
PP Defense
1 - 52% - 53% - 3:59
2 - 48% - 47% - 3:38
PK Forward
1 - 78% - 51% - 1:33
2 - 22% - 49% - 0:26
PK Defense
1 - 27% - 52% - 0:32
2 - 73% - 48% - 1:27
PK3 Forward
1 - 0% - 55%
2 - 0% - 45%
PK3 Defense
1 - 0% - 52%
2 - 0% - 48%
44 Forward
1 - 0% - 52%
2 - 0% - 48%
44 Defense
1 - 0% - 50%
2 - 0% - 50%
Last Minute Offensive  - 0:00
Last Minute Defensive  - 0:00
Total
Forward - 60:00
Defense - 60:00

Play-by-Play

1st period


0:01 of 1st period - Eetu Luostarinen wins face-off versus Alexander DeBrincat in neutral zone.
0:26 of 1st period - Shot by Alexander DeBrincat.
0:26 of 1st period - Shot Misses the Net.
1:12 of 1st period - Icing by Erik Gustafsson.
1:13 of 1st period - Joel Farabee wins face-off versus Sam Bennett in WINNIPEG BEAVERS zone.
1:29 of 1st period - Icing by Connor Murphy.
1:30 of 1st period - Wyatt Johnston wins face-off versus Sean Kuraly in SAN DIEGO THUNDER zone.
1:45 of 1st period - Joel Farabee is hit by Trevor Lewis and loses puck.
2:31 of 1st period - Steven Lorentz is hit by Erik Gustafsson and loses puck.
2:42 of 1st period - Shot by Luke Kunin.
2:42 of 1st period - Deflect By Steven Lorentz.
2:42 of 1st period - Stopped by Ville Husso with a rebound.
2:55 of 1st period - Icing by John Carlson.
2:56 of 1st period - Matthew Nieto wins face-off versus Eetu Luostarinen in WINNIPEG BEAVERS zone.
3:27 of 1st period - Drake Batherson is hit by John Carlson and loses puck.
3:58 of 1st period - Shot by Joel Farabee.
3:58 of 1st period - Shot Blocked by Victor Hedman.
4:02 of 1st period - Shot by Wyatt Johnston.
4:02 of 1st period - Shot Misses the Net.
4:08 of 1st period - Shot by Dmitri Voronkov.
4:08 of 1st period - Shot Blocked by Victor Hedman.
4:10 of 1st period - Shot by Derek Forbort.
4:10 of 1st period - Shot Misses the Net.
4:12 of 1st period - Shot by Joel Farabee.
4:12 of 1st period - Shot Misses the Net.
4:14 of 1st period - Shot by Wyatt Johnston.
4:14 of 1st period - Stopped by Ville Husso with a rebound.
4:16 of 1st period - Shot by Derek Forbort.
4:16 of 1st period - Stopped by Ville Husso without a rebound.
4:17 of 1st period - Brayden Schenn wins face-off versus Filip Zadina in WINNIPEG BEAVERS zone.
4:40 of 1st period - Shot by Alexander DeBrincat.
4:40 of 1st period - Stopped by Connor Hellebuyck without a rebound.
4:41 of 1st period - Joel Farabee wins face-off versus Sean Kuraly in SAN DIEGO THUNDER zone.
5:42 of 1st period - Steven Lorentz is hit by Alexander DeBrincat and loses puck.
5:47 of 1st period - Shot by Jonathan Audy-Marchessault.
5:47 of 1st period - Shot Misses the Net.
6:05 of 1st period - Shot by Alexander DeBrincat.
6:05 of 1st period - Shot Blocked by Erik Cernak.
6:07 of 1st period - Shot by Adam Larsson.
6:07 of 1st period - Stopped by Connor Hellebuyck without a rebound.
6:08 of 1st period - Sam Bennett wins face-off versus Eetu Luostarinen in SAN DIEGO THUNDER zone.
6:39 of 1st period - Shot by Drake Batherson.
6:39 of 1st period - Shot Blocked by Erik Gustafsson.
6:49 of 1st period - Shot by Drake Batherson.
6:49 of 1st period - Shot Blocked by Sam Bennett.
6:51 of 1st period - Shot by Adam Boqvist.
6:51 of 1st period - Stopped by Ville Husso without a rebound.
6:52 of 1st period - Brayden Schenn wins face-off versus Isac Lundestrom in WINNIPEG BEAVERS zone.
6:52 of 1st period - Brayden Schenn is hit by Luke Kunin.
7:13 of 1st period - Jonathan Audy-Marchessault is hit by Erik Cernak and loses puck.
7:22 of 1st period - Shot by Jonathan Audy-Marchessault.
7:22 of 1st period - Stopped by Connor Hellebuyck without a rebound.
7:23 of 1st period - Sean Kuraly wins face-off versus Dmitri Voronkov in SAN DIEGO THUNDER zone.
7:39 of 1st period - Off-side.
7:40 of 1st period - Eetu Luostarinen wins face-off versus Sam Bennett in neutral zone.
7:45 of 1st period - Shot by Drake Batherson.
7:45 of 1st period - Stopped by Ville Husso with a rebound.
8:21 of 1st period - Sam Bennett is hit by Erik Cernak and loses puck.
9:23 of 1st period - Icing by Victor Hedman.
9:24 of 1st period - Brayden Schenn wins face-off versus Dmitri Voronkov in WINNIPEG BEAVERS zone.
9:34 of 1st period - Icing by Wyatt Johnston.
9:35 of 1st period - Sean Kuraly wins face-off versus Wyatt Johnston in SAN DIEGO THUNDER zone.
10:05 of 1st period - Minor Penalty to Connor Murphy for Roughing.
10:06 of 1st period - Dmitri Voronkov wins face-off versus Brayden Schenn in SAN DIEGO THUNDER zone.
10:21 of 1st period - Shot by Alexander DeBrincat.
10:21 of 1st period - Stopped by Connor Hellebuyck without a rebound.
10:22 of 1st period - Brayden Schenn wins face-off versus Joel Farabee in SAN DIEGO THUNDER zone.
10:29 of 1st period - Shot by Jonathan Audy-Marchessault.
10:29 of 1st period - Shot Blocked by Erik Cernak.
10:31 of 1st period - Shot by Alexander DeBrincat.
10:31 of 1st period - Stopped by Connor Hellebuyck without a rebound.
10:32 of 1st period - Dmitri Voronkov wins face-off versus Sam Bennett in SAN DIEGO THUNDER zone.
10:43 of 1st period - Shot by Sam Bennett.
10:43 of 1st period - Deflect By Robert Fabbri.
10:43 of 1st period - Shot Misses the Net.
10:45 of 1st period - Shot by John Carlson.
10:45 of 1st period - Shot Misses the Net.
10:47 of 1st period - Shot by Brandon Saad.
10:47 of 1st period - Deflect By Robert Fabbri.
10:47 of 1st period - Stopped by Connor Hellebuyck without a rebound.
10:48 of 1st period - Brayden Schenn wins face-off versus Joel Farabee in SAN DIEGO THUNDER zone.
11:49 of 1st period - Icing by Victor Hedman.
11:50 of 1st period - Sam Bennett wins face-off versus Joel Farabee in WINNIPEG BEAVERS zone.
12:07 of 1st period - Shot by Brandon Saad.
12:07 of 1st period - Shot Misses the Net.
12:20 of 1st period - Shot by Drake Batherson.
12:20 of 1st period - Shot Blocked by Sean Kuraly.
12:22 of 1st period - Shot by Nicklaus Perbix.
12:22 of 1st period - Stopped by Ville Husso without a rebound.
12:23 of 1st period - Isac Lundestrom wins face-off versus Sam Bennett in WINNIPEG BEAVERS zone.
12:44 of 1st period - Icing by Sebastien Aho.
12:45 of 1st period - Eetu Luostarinen wins face-off versus Sam Bennett in WINNIPEG BEAVERS zone.
12:46 of 1st period - Shot by Drake Batherson.
12:46 of 1st period - Stopped by Ville Husso without a rebound.
12:47 of 1st period - Brayden Schenn wins face-off versus Wyatt Johnston in WINNIPEG BEAVERS zone.
13:59 of 1st period - Brandon Saad is hit by Steven Lorentz and loses puck.
14:14 of 1st period - Shot by Luke Kunin.
14:14 of 1st period - Shot Misses the Net.
14:50 of 1st period - Shot by Eetu Luostarinen.
14:50 of 1st period - Shot Misses the Net.
14:52 of 1st period - Shot by Derek Forbort.
14:52 of 1st period - Stopped by Ville Husso without a rebound.
14:53 of 1st period - Mark Kastelic wins face-off versus Matthew Nieto in WINNIPEG BEAVERS zone.
15:33 of 1st period - Icing by John Carlson.
15:34 of 1st period - Matthew Nieto wins face-off versus Eetu Luostarinen in WINNIPEG BEAVERS zone.
15:36 of 1st period - Icing by Erik Gustafsson.
15:37 of 1st period - Eetu Luostarinen wins face-off versus Matthew Nieto in WINNIPEG BEAVERS zone.
16:48 of 1st period - Evander Kane is hit by Jonathan Audy-Marchessault and loses puck.
17:06 of 1st period - Sean Kuraly is hit by Connor Murphy and loses puck.
17:53 of 1st period - Brandon Saad is hit by Derek Forbort and loses puck.
18:22 of 1st period - Shot by Sam Bennett.
18:22 of 1st period - Stopped by Connor Hellebuyck without a rebound.
18:23 of 1st period - Wyatt Johnston wins face-off versus Jonathan Audy-Marchessault in SAN DIEGO THUNDER zone.
18:23 of 1st period - Wyatt Johnston is hit by Brayden Schenn.
18:41 of 1st period - Shot by Alexander DeBrincat.
18:41 of 1st period - Shot Misses the Net.
18:59 of 1st period - Shot by Dmitri Voronkov.
18:59 of 1st period - Shot Misses the Net.
19:47 of 1st period - Shot by Trevor Lewis.
19:47 of 1st period - Shot Misses the Net.
Goals for this period are 0 for SAN DIEGO THUNDER vs 0 for WINNIPEG BEAVERS.
Shots for this period are 8 for SAN DIEGO THUNDER vs 7 for WINNIPEG BEAVERS.

2nd period


0:01 of 2nd period - Brayden Schenn wins face-off versus Wyatt Johnston in neutral zone.
0:14 of 2nd period - Icing by Victor Hedman.
0:15 of 2nd period - Brayden Schenn wins face-off versus Isac Lundestrom in WINNIPEG BEAVERS zone.
1:30 of 2nd period - Shot by Dmitri Voronkov.
1:30 of 2nd period - Shot Misses the Net.
1:32 of 2nd period - Shot by Wyatt Johnston.
1:32 of 2nd period - Shot Misses the Net.
1:34 of 2nd period - Shot by Erik Cernak.
1:34 of 2nd period - Shot Blocked by Adam Larsson.
1:36 of 2nd period - Shot by Joel Farabee.
1:36 of 2nd period - Deflect By Dmitri Voronkov.
1:36 of 2nd period - Stopped by Ville Husso without a rebound.
1:37 of 2nd period - Eetu Luostarinen wins face-off versus Sean Kuraly in WINNIPEG BEAVERS zone.
1:47 of 2nd period - Brandon Tanev is hit by Connor Murphy and loses puck.
2:29 of 2nd period - Sam Bennett is hit by Connor Murphy and loses puck.
3:15 of 2nd period - Shot by Alexander DeBrincat.
3:15 of 2nd period - Stopped by Connor Hellebuyck without a rebound.
3:16 of 2nd period - Jonathan Audy-Marchessault wins face-off versus Wyatt Johnston in SAN DIEGO THUNDER zone.
3:24 of 2nd period - Shot by Jonathan Audy-Marchessault.
3:24 of 2nd period - Stopped by Connor Hellebuyck without a rebound.
3:25 of 2nd period - Isac Lundestrom wins face-off versus Alexander DeBrincat in SAN DIEGO THUNDER zone.
3:34 of 2nd period - Brayden Schenn is hit by Erik Cernak and loses puck.
4:05 of 2nd period - Shot by Brayden Schenn.
4:05 of 2nd period - Stopped by Connor Hellebuyck with a rebound.
4:13 of 2nd period - Shot by Brayden Schenn.
4:13 of 2nd period - Shot Misses the Net.
5:27 of 2nd period - Shot by Brandon Saad.
5:27 of 2nd period - Shot Misses the Net.
5:29 of 2nd period - Shot by Adam Larsson.
5:29 of 2nd period - Shot Blocked by Connor Murphy.
5:38 of 2nd period - Icing by Derek Forbort.
5:39 of 2nd period - Mark Kastelic wins face-off versus Brayden Schenn in SAN DIEGO THUNDER zone.
6:50 of 2nd period - Icing by Nicklaus Perbix.
6:51 of 2nd period - Isac Lundestrom wins face-off versus Brandon Saad in SAN DIEGO THUNDER zone.
6:51 of 2nd period - Isac Lundestrom is hit by Sam Bennett.
7:26 of 2nd period - Shot by Robert Fabbri.
7:26 of 2nd period - Stopped by Connor Hellebuyck without a rebound.
7:27 of 2nd period - Sean Kuraly wins face-off versus Wyatt Johnston in SAN DIEGO THUNDER zone.
7:34 of 2nd period - Shot by Adam Larsson.
7:34 of 2nd period - Shot Blocked by Derek Forbort.
9:25 of 2nd period - Icing by Luke Schenn.
9:26 of 2nd period - Mark Kastelic wins face-off versus Sam Bennett in WINNIPEG BEAVERS zone.
9:50 of 2nd period - Icing by Nicklaus Perbix.
9:51 of 2nd period - Mark Kastelic wins face-off versus Brayden Schenn in SAN DIEGO THUNDER zone.
9:51 of 2nd period - Mark Kastelic is hit by Brayden Schenn.
10:22 of 2nd period - Off-side.
10:23 of 2nd period - Sean Kuraly wins face-off versus Eetu Luostarinen in neutral zone.
10:30 of 2nd period - Shot by Brandon Tanev.
10:30 of 2nd period - Shot Misses the Net.
11:38 of 2nd period - Luke Kunin is hit by Brandon Saad.
12:30 of 2nd period - Shot by Alexander DeBrincat.
12:30 of 2nd period - Deflect By Jonathan Audy-Marchessault.
12:30 of 2nd period - Goal by Jonathan Audy-Marchessault - SAN DIEGO THUNDER : 0 - WINNIPEG BEAVERS : 1.
12:31 of 2nd period - Wyatt Johnston wins face-off versus Matthew Nieto in neutral zone.
13:07 of 2nd period - Shot by Joel Farabee.
13:07 of 2nd period - Shot Misses the Net.
13:14 of 2nd period - Wyatt Johnston is hit by Luke Schenn and loses puck.
13:48 of 2nd period - Shot by Eetu Luostarinen.
13:48 of 2nd period - Deflect By Drake Batherson.
13:48 of 2nd period - Stopped by Ville Husso with a rebound.
13:50 of 2nd period - Shot by Drake Batherson.
13:50 of 2nd period - Stopped by Ville Husso without a rebound.
13:51 of 2nd period - Sam Bennett wins face-off versus Mark Kastelic in WINNIPEG BEAVERS zone.
13:55 of 2nd period - Sam Bennett is hit by Erik Cernak and loses puck.
13:58 of 2nd period - Shot by Brandon Saad.
13:58 of 2nd period - Deflect By Sam Bennett.
13:58 of 2nd period - Shot Misses the Net.
14:20 of 2nd period - Shot by Sam Bennett.
14:20 of 2nd period - Stopped by Connor Hellebuyck without a rebound.
14:21 of 2nd period - Brayden Schenn wins face-off versus Eetu Luostarinen in SAN DIEGO THUNDER zone.
14:36 of 2nd period - Shot by Jonathan Audy-Marchessault.
14:36 of 2nd period - Stopped by Connor Hellebuyck with a rebound.
15:06 of 2nd period - Icing by John Carlson.
15:07 of 2nd period - Brayden Schenn wins face-off versus Wyatt Johnston in WINNIPEG BEAVERS zone.
15:21 of 2nd period - Alexander DeBrincat is hit by Nicklaus Perbix and loses puck.
16:02 of 2nd period - Icing by Adam Larsson.
16:03 of 2nd period - Sam Bennett wins face-off versus Eetu Luostarinen in WINNIPEG BEAVERS zone.
16:11 of 2nd period - Off-side.
16:12 of 2nd period - Trevor Lewis wins face-off versus Isac Lundestrom in neutral zone.
16:27 of 2nd period - Shot by Trevor Lewis.
16:27 of 2nd period - Shot Blocked by Isac Lundestrom.
17:13 of 2nd period - Shot by Drake Batherson.
17:13 of 2nd period - Stopped by Ville Husso without a rebound.
17:14 of 2nd period - Wyatt Johnston wins face-off versus Alexander DeBrincat in WINNIPEG BEAVERS zone.
18:37 of 2nd period - Minor Penalty to Erik Cernak for Holding.
18:38 of 2nd period - Brayden Schenn wins face-off versus Eetu Luostarinen in SAN DIEGO THUNDER zone.
Goals for this period are 0 for SAN DIEGO THUNDER vs 1 for WINNIPEG BEAVERS.
Shots for this period are 4 for SAN DIEGO THUNDER vs 7 for WINNIPEG BEAVERS.

3rd period


0:01 of 3rd period - Brayden Schenn wins face-off versus Dmitri Voronkov in neutral zone.
0:06 of 3rd period - Shot by Alexander DeBrincat.
0:06 of 3rd period - Shot Blocked by Charles McAvoy.
0:08 of 3rd period - Shot by Victor Hedman.
0:08 of 3rd period - Stopped by Connor Hellebuyck without a rebound.
0:09 of 3rd period - Dmitri Voronkov wins face-off versus Brayden Schenn in SAN DIEGO THUNDER zone.
0:09 of 3rd period - Dmitri Voronkov is hit by Brayden Schenn.
0:16 of 3rd period - Icing by Victor Hedman.
0:17 of 3rd period - Dmitri Voronkov wins face-off versus Brayden Schenn in WINNIPEG BEAVERS zone.
0:44 of 3rd period - Shot by Sam Bennett.
0:44 of 3rd period - Shot Blocked by Adam Boqvist.
0:56 of 3rd period - Shot by Brandon Saad.
0:56 of 3rd period - Shot Blocked by Nicklaus Perbix.
1:02 of 3rd period - Shot by Brandon Saad.
1:02 of 3rd period - Shot Blocked by Drake Batherson.
1:32 of 3rd period - Shot by Jonathan Audy-Marchessault.
1:32 of 3rd period - Stopped by Connor Hellebuyck without a rebound.
1:33 of 3rd period - Brayden Schenn wins face-off versus Wyatt Johnston in SAN DIEGO THUNDER zone.
1:33 of 3rd period - Brayden Schenn is hit by Erik Cernak.
1:39 of 3rd period - Shot by Alexander DeBrincat.
1:39 of 3rd period - Shot Misses the Net.
1:42 of 3rd period - Icing by Charles McAvoy.
1:43 of 3rd period - Brayden Schenn wins face-off versus Wyatt Johnston in SAN DIEGO THUNDER zone.
2:40 of 3rd period - John Carlson is hit by Connor Murphy.
3:16 of 3rd period - Shot by Luke Kunin.
3:16 of 3rd period - Stopped by Ville Husso without a rebound.
3:17 of 3rd period - Sean Kuraly wins face-off versus Drake Batherson in WINNIPEG BEAVERS zone.
3:17 of 3rd period - Sean Kuraly is hit by Drake Batherson.
3:24 of 3rd period - Adam Larsson is hit by Nicklaus Perbix and loses puck.
3:46 of 3rd period - Drake Batherson is hit by Adam Larsson and loses puck.
4:07 of 3rd period - Eetu Luostarinen is hit by Sean Kuraly and loses puck.
4:26 of 3rd period - Shot by Sam Bennett.
4:26 of 3rd period - Shot Misses the Net.
4:39 of 3rd period - Brandon Saad is hit by Adam Boqvist and loses puck.
4:40 of 3rd period - Minor Penalty to Adam Boqvist for Roughing.
4:41 of 3rd period - Dmitri Voronkov wins face-off versus Jonathan Audy-Marchessault in SAN DIEGO THUNDER zone.
4:41 of 3rd period - Dmitri Voronkov is hit by Jonathan Audy-Marchessault.
4:47 of 3rd period - Brayden Schenn is hit by Dmitri Voronkov and loses puck.
5:50 of 3rd period - Shot by Erik Gustafsson.
5:50 of 3rd period - Stopped by Connor Hellebuyck with a rebound.
5:54 of 3rd period - Shot by Sam Bennett.
5:54 of 3rd period - Shot Misses the Net.
5:56 of 3rd period - Shot by Sam Bennett.
5:56 of 3rd period - Stopped by Connor Hellebuyck without a rebound.
5:57 of 3rd period - Dmitri Voronkov wins face-off versus Sam Bennett in SAN DIEGO THUNDER zone.
5:57 of 3rd period - Dmitri Voronkov is hit by Sam Bennett.
6:17 of 3rd period - Shot by Sam Bennett.
6:17 of 3rd period - Goal by Sam Bennett - SAN DIEGO THUNDER : 0 - WINNIPEG BEAVERS : 2.
6:18 of 3rd period - Sean Kuraly wins face-off versus Mark Kastelic in neutral zone.
6:20 of 3rd period - Brandon Tanev is hit by Erik Cernak and loses puck.
6:26 of 3rd period - Icing by Erik Cernak.
6:27 of 3rd period - Sean Kuraly wins face-off versus Mark Kastelic in SAN DIEGO THUNDER zone.
7:04 of 3rd period - Icing by Erik Cernak.
7:05 of 3rd period - Filip Zadina wins face-off versus Brayden Schenn in SAN DIEGO THUNDER zone.
7:09 of 3rd period - Erik Cernak is hit by Luke Schenn and loses puck.
7:30 of 3rd period - Shot by Jonathan Audy-Marchessault.
7:30 of 3rd period - Stopped by Connor Hellebuyck without a rebound.
7:31 of 3rd period - Dmitri Voronkov wins face-off versus Sam Bennett in SAN DIEGO THUNDER zone.
8:17 of 3rd period - Brandon Saad is hit by Dmitri Voronkov and loses puck.
8:27 of 3rd period - Sam Bennett is hit by Nicklaus Perbix and loses puck.
11:51 of 3rd period - Off-side.
11:52 of 3rd period - Isac Lundestrom wins face-off versus Brayden Schenn in neutral zone.
11:52 of 3rd period - Charles McAvoy is hit by Brayden Schenn and loses puck.
12:00 of 3rd period - John Carlson is hit by Luke Kunin and loses puck.
12:20 of 3rd period - Jonathan Audy-Marchessault is hit by Erik Cernak and loses puck.
12:31 of 3rd period - Shot by Alexander DeBrincat.
12:31 of 3rd period - Shot Misses the Net.
12:33 of 3rd period - Shot by Jonathan Audy-Marchessault.
12:33 of 3rd period - Shot Misses the Net.
12:39 of 3rd period - Minor Penalty to Erik Cernak for Holding.
12:40 of 3rd period - Sam Bennett wins face-off versus Wyatt Johnston in SAN DIEGO THUNDER zone.
14:23 of 3rd period - Shot by Adam Larsson.
14:23 of 3rd period - Stopped by Connor Hellebuyck with a rebound.
14:48 of 3rd period - Eetu Luostarinen is hit by Luke Schenn.
14:59 of 3rd period - Minor Penalty to Trevor Lewis for Cross-checking.
15:00 of 3rd period - Drake Batherson wins face-off versus Sean Kuraly in WINNIPEG BEAVERS zone.
15:51 of 3rd period - Shot by Luke Kunin.
15:51 of 3rd period - Shot Misses the Net.
15:53 of 3rd period - Shot by Charles McAvoy.
15:53 of 3rd period - Stopped by Ville Husso without a rebound.
15:54 of 3rd period - Sean Kuraly wins face-off versus Wyatt Johnston in WINNIPEG BEAVERS zone.
16:50 of 3rd period - Shot by Drake Batherson.
16:50 of 3rd period - Shot Blocked by Sean Kuraly.
16:52 of 3rd period - Shot by Charles McAvoy.
16:52 of 3rd period - Shot Misses the Net.
16:54 of 3rd period - Shot by Charles McAvoy.
16:54 of 3rd period - Shot Blocked by Luke Schenn.
17:19 of 3rd period - Shot by Evander Kane.
17:19 of 3rd period - Stopped by Ville Husso without a rebound.
17:20 of 3rd period - Isac Lundestrom wins face-off versus Sam Bennett in WINNIPEG BEAVERS zone.
17:29 of 3rd period - Shot by Brandon Saad.
17:29 of 3rd period - Deflect By Sam Bennett.
17:29 of 3rd period - Shot Blocked by Derek Forbort.
17:58 of 3rd period - Off-side.
17:59 of 3rd period - Eetu Luostarinen wins face-off versus Matthew Nieto in neutral zone.
18:24 of 3rd period - Shot by Derick Brassard.
18:24 of 3rd period - Stopped by Connor Hellebuyck without a rebound.
18:25 of 3rd period - Brayden Schenn wins face-off versus Wyatt Johnston in SAN DIEGO THUNDER zone.
18:28 of 3rd period - Shot by Jonathan Audy-Marchessault.
18:28 of 3rd period - Stopped by Connor Hellebuyck without a rebound.
18:29 of 3rd period - Wyatt Johnston wins face-off versus Brayden Schenn in SAN DIEGO THUNDER zone.
18:42 of 3rd period - Shot by Dmitri Voronkov.
18:42 of 3rd period - Shot Misses the Net.
19:00 of 3rd period - Shot by Brayden Schenn.
19:00 of 3rd period - Stopped by Connor Hellebuyck without a rebound.
19:01 of 3rd period - Eetu Luostarinen wins face-off versus Sam Bennett in SAN DIEGO THUNDER zone.
19:24 of 3rd period - Shot by Drake Batherson.
19:24 of 3rd period - Shot Misses the Net.
19:26 of 3rd period - Shot by Eetu Luostarinen.
19:26 of 3rd period - Stopped by Ville Husso with a rebound.
19:28 of 3rd period - Shot by Erik Cernak.
19:28 of 3rd period - Stopped by Ville Husso without a rebound.
19:29 of 3rd period - Brayden Schenn wins face-off versus Isac Lundestrom in WINNIPEG BEAVERS zone.
19:39 of 3rd period - Shot by Steven Lorentz.
19:39 of 3rd period - Shot Hit the Post.
19:53 of 3rd period - Shot by Luke Kunin.
19:53 of 3rd period - Stopped by Ville Husso without a rebound.
19:54 of 3rd period - Sean Kuraly wins face-off versus Wyatt Johnston in WINNIPEG BEAVERS zone.
19:56 of 3rd period - Minor Penalty to Joel Farabee for Goalie Interference.
19:57 of 3rd period - Sam Bennett wins face-off versus Dmitri Voronkov in SAN DIEGO THUNDER zone.
Goals for this period are 0 for SAN DIEGO THUNDER vs 1 for WINNIPEG BEAVERS.
Shots for this period are 6 for SAN DIEGO THUNDER vs 10 for WINNIPEG BEAVERS.


OWEN
TIPPETT
GUSTAV
FORSLING
MATTHEW
BOLDY

EAST COAST

HOCKEY LEAGUE

  • 67.PIT4RHI2
  • 68.ATL5WOR3
  • 69.QUECHW
  • 70.CHATRV